 Dungeon Crawl Stone Soup version 0.30-a0-459-g9104f0fc43 (webtiles) character file.

Game seed: 3882592602242838774

197950 Raultor the Martial Artist (level 18, -2/124 HPs)
             Began as an Octopode Transmuter on Dec 13, 2022.
             Was the Champion of the Shining One.
             Slain by a wolf spider (15 damage)
             ... on level 2 of the Spider Nest on Dec 15, 2022.
             The game lasted 02:39:03 (33099 turns).

Raultor the Martial Artist (Octopode Transmuter)   Turns: 33099, Time: 02:39:04

Health: -2/124     AC: -6    Str: 10    XL:     18   Next: 42%
Magic:  9/40       EV: 34    Int: 29    God:    the Shining One [******]
Gold:   2711       SH:  0    Dex: 21    Spells: 7/35 levels left

rFire   + + .      SeeInvis .      - Unarmed
rCold   . . .      Faith    .    (shield currently unavailable)
rNeg    + + +      Spirit   .    (helmet currently unavailable)
rPois   x          Reflect  .    U - amulet of Wonder {Acrobat rF++ rC- Regen+ Stlth+}
rElec   +          Harm     .    D - +6 ring of dexterity
rCorr   .          Rampage  .    Z - ring of wizardry
Will    ++...                    E - +4 ring of evasion
Stlth   +.........               O - ring "Muwiu" {rElec rC- Will+ MP+9}
HPRegen 1.20/turn                i - +6 ring of intelligence
MPRegen 0.27/turn                C - ring of ice
                                 T - +4 ring of protection
                                 V - ring "Zuefef" {rF+ rC+}

@: lethally poisoned (-2 -> -39), spider-form, wereblooded, forested, corroded,
glowing
A: venomous fangs, almost no armour, (amphibious), 8 rings, tiny, (camouflage
1), (gelatinous body 1), (nimble swimmer 1), (tentacles), clumsy 1
}: 1/15 runes: decaying
a: End Transformation, Renounce Religion, Divine Shield, Cleansing Flame, Summon
Divine Warrior, Brand Weapon With Holy Wrath


You were on level 2 of the Spider Nest.
You worshipped the Shining One.
The Shining One was exalted by your worship.
You were a venomous arachnid creature.
You visited 6 branches of the dungeon, and saw 30 of its levels.
You also visited: Gauntlet.

You collected 3505 gold pieces.
You spent 794 gold pieces at shops.


Innate Abilities, Weirdness & Mutations

You are a venomous arachnid creature.
You have poisonous fangs.
You are tiny and dextrous.
Your spellcasting is less reliable in this form.
Your armour is entirely melded.
You are incapable of wielding weapons or throwing items.
You cannot wear most types of armour.
((You are amphibious.))
You can wear up to eight rings at the same time.
((Your skin changes colour to match your surroundings (Stealth+).))
((Your rubbery body absorbs attacks. (AC +1, EV +1)))
((You are camouflaged when in or above water. (Stealth+)))
((You have tentacles for arms and can constrict up to eight enemies at once.))
You are clumsy. (Dex -2)


   Skills:
 + Level 11.3 Fighting
 + Level 10.4 Dodging
 + Level 14.1 Unarmed Combat
 - Level 9.4 Spellcasting
 + Level 5.7 Hexes
 * Level 10.4 Summonings
 * Level 10.3 Translocations
 + Level 12.4 Transmutations
 - Level 7.3 Ice Magic
 * Level 6.9 Earth Magic
 + Level 12.5 Invocations


You had 7 spell levels left.
You knew the following spells:

 Your Spells              Type           Power      Damage    Failure   Level
a - Passwall              Tmut/Erth      52%        N/A       1%          2
b - Beastly Appendage     Tmut           100%       N/A       1%          1
c - Ice Form              Ice/Tmut       82%        N/A       1%          4
f - Summon Forest         Summ/Tloc      32%        N/A       2%          5
s - Spider Form           Tmut/Pois      49%        N/A       1%          3
t - Statue Form           Tmut/Erth      42%        N/A       11%         6
v - Summon Mana Viper     Hex/Summ       57%        N/A       5%          5
w - Wereblood             Tmut           72%        N/A       1%          2

Your spell library contained the following spells:

 Spells                   Type           Power      Damage    Failure   Level
 Apportation              Tloc           100%       N/A       1%          1
 Sandblast                Erth           100%       2d20      1%          1
 Summon Small Mammal      Summ           100%       N/A       1%          1
 Call Canine Familiar     Summ           65%        N/A       1%          3
 Summon Guardian Golem    Hex/Summ       57%        N/A       1%          3
 Blade Hands              Tmut           36%        N/A       1%          5
 Hailstorm                Conj/Ice       51%        3d11      4%          3
 Stone Arrow              Conj/Erth      66%        3d11      4%          3
 Leda's Liquefaction      Hex/Erth       25%        N/A       4%          4
 Lee's Rapid Deconstruct  Erth           26%        3d14*     7%          5
 Summon Cactus Giant      Summ           32%        N/A       9%          6
 Anguish                  Hex/Necr       15%        N/A       12%         4
 Eringya's Noxious Bog    Tmut/Pois      24%        N/A       32%         6
 Summon Hydra             Summ           32%        N/A       32%         7
 Simulacrum               Ice/Necr       25%        N/A       63%         6
 Iron Shot                Conj/Erth      16%        9d4       65%         6
 Enfeeble                 Hex            23%        N/A       86%         7
 Animate Armour           Summ/Erth      Unusable   N/A       N/A         4

Inventory:

Missiles
 f - 8 throwing nets {=f}
 Q - 6 silver javelins
Armour
 d - the +3 hat of Pondering (melded) {ponderous, Will+ MP+10 Int+5}
   (You found it in a Gauntlet)

   Int:       It affects your intelligence (+5).
   MP:        It affects your magic capacity (+10).
   Will:      It increases your willpower.
Magical Staves
 h - a staff of air {!a}
Jewellery
 e - a +4 ring of evasion
 i - a +6 ring of intelligence (on tentacle)
 p - the amulet "Yguogrint" {Faith rF+ rC+ Dex-4 SInv}
   (You took it off an orc warrior on level 11 of the Dungeon)

   [amulet of faith]

   It allows you to gain divine favour quickly.
   Dex:       It affects your dexterity (-4).
   rF:        It protects you from fire.
   rC:        It protects you from cold.
   SInv:      It lets you see invisible.
 C - a ring of ice (on tentacle)
 D - a +6 ring of dexterity (left front leg)
 E - a +4 ring of evasion (on tentacle)
 F - a ring of fire
 I - a +6 ring of intelligence
 L - a ring of flight
 M - a ring of fire
 O - the ring "Muwiu" (on tentacle) {rElec rC- Will+ MP+9}
   (You found it in a Gauntlet)

   [ring of magical power]

   rC:        It makes you vulnerable to cold.
   rElec:     It insulates you from electricity.
   MP:        It affects your magic capacity (+9).
   Will:      It increases your willpower.
 P - the amulet "Busuamups" {Reflect rPois Will+ Str-3 SH+5}
   (You took it off a minotaur in a Gauntlet)

   [amulet of reflection]

   It reflects blocked missile attacks.
   Str:       It affects your strength (-3).
   rPois:     It protects you from poison.
   SH:        It affects your SH (+5).
   Will:      It increases your willpower.
 R - a ring of resist corrosion
 S - a +6 ring of strength
 T - a +4 ring of protection (on tentacle)
 U - the amulet of Wonder (around neck) {Acrobat rF++ rC- Regen+ Stlth+}
   (You found it in a Gauntlet)

   [amulet of the acrobat]

   It increases your evasion while moving and waiting.
   rF:        It greatly protects you from fire.
   rC:        It makes you vulnerable to cold.
   Regen:     It increases your rate of health regeneration.
   Stlth:     It makes you more stealthy.
 V - the ring "Zuefef" (on tentacle) {rF+ rC+}
   (You found it on level 1 of the Swamp)

   [ring of protection from fire]

   rF:        It protects you from fire.
   rC:        It protects you from cold.
 W - a ring of willpower
 Z - a ring of wizardry (right front leg)
Wands
 g - a wand of quicksilver (20)
 j - a wand of roots (9)
 s - a wand of charming (26)
 N - a wand of mindburst (17)
Scrolls
 c - 6 scrolls of fear
 l - 2 scrolls of magic mapping
 m - 8 scrolls of immolation
 n - 2 scrolls of silence {!r}
 q - 8 scrolls of teleportation {@r2}
 r - 7 scrolls of amnesia
 w - 7 scrolls of poison
 y - 6 scrolls of blinking
 H - 5 scrolls of summoning
 K - 4 scrolls of fog
 Y - 11 scrolls of identify {@r1}
Potions
 a - 3 potions of lignification
 b - 6 potions of curing {@q1}
 k - a potion of magic
 o - 2 potions of cancellation
 t - 6 potions of might
 u - 3 potions of ambrosia
 v - a potion of haste {@q3}
 x - 3 potions of heal wounds {@q2}
 z - 5 potions of flight
 A - 6 potions of attraction
 B - 4 potions of brilliance
 G - 4 potions of berserk rage {!q}
 J - 3 potions of mutation
 X - a potion of resistance

Dungeon Overview and Level Annotations

Branches:
Dungeon (15/15)            Temple (1/1) D:5            Lair (5/5) D:11
  Swamp (4/4) Lair:3       Spider (3/4) Lair:2        Slime (0/5) Lair:5
    Orc (2/2) D:11            Elf (0/3) Orc:2        Vaults (0/5) D:13
 Depths (0/4) D:15        Gauntlet (visited)

Altars:
Ashenzari
Cheibriados
Dithmenos
Elyvilon
Fedhas
Gozag
Hepliaklqana
Kikubaaqudgha
Makhleb
Nemelex Xobeh
Okawaru
Qazlal
Ru
Sif Muna
Trog
Uskayaw
Vehumet
Wu Jian
Xom
Yredelemnul
Zin
The Shining One
Jiyva

Shops:
D:5 ?   D:15 [   Orc:2 ((**

Annotations:
D:6 2 transporters, Antroll's ghost, novice DEGl

############
####..........###
##...............##
##.<...###^###.#...#
#^...###.###.####..## #
#..###.#.ss...###...# #
##..#..#......#.##..##
#######..##...B.#.#....#...##
....#...##......###..#^###..#
......^##>..###..#...#####..#
###...########..##.#.##....##
..#####..^.#.....#####.....#
.##...##...#.^.#...##...#.##
..#..##..#...###...#..#####


You could see an entropy weaver and a wolf spider (berserk).


Message History

The wolf spider rages.
The entropy weaver points at you and mumbles some strange words.
The entropic weave corrodes you! The wolf spider closely misses you.
The wolf spider completely misses you. The wolf spider closely misses you.
The wolf spider bites you but does no damage.
Unknown command.
Casting: Statue Form (dangerous; 3% risk of failure)
Confirm with . or Enter, or press ? or * to list all spells.
You revert to your normal fleshy form.
You turn into a venomous arachnid creature.
The +3 hat of Pondering {ponderous, Will+ MP+10 Int+5} melds into your body.
That put a bit of spring back into your step.
You feel your magic capacity decrease.
You hiss as the wereblood boils in your veins!
The wolf spider completely misses you. x5; The wolf spider misses you.
Casting: Spider Form (safe; 1% risk of failure)
Confirm with . or Enter, or press ? or * to list all spells.
Okay, then.
Casting: Spider Form (safe; 1% risk of failure)
Confirm with . or Enter, or press ? or * to list all spells.
Aiming: Passwall (safe; 1% risk of failure)
Press: ? - help, Dir - move target A rock wall.
This square is lit by a halo.
The wolf spider completely misses you. The wolf spider bites you!!
* * * LOW HITPOINT WARNING * * *
You are lethally poisoned!
The wolf spider poisons you! The wolf spider misses you.
The wolf spider bites you!
You die...

Skill      XL: |  1  2  3  4  5  6  7  8  9 10 11 12 13 14 15 16 17 18 |
---------------+-------------------------------------------------------+-----
Ice Magic      | 1 2 3 4 5 6 7 |  7.3
Transmutations | 3 4 5 6 7 8 9 10 11 12 | 12.4
Fighting       | 2 4 5 6 7 8 9 10 11 | 11.3
Unarmed Combat | 4 5 6 7 8 10 11 12 13 14 | 14.1
Spellcasting   | 3 4 5 6 7 8 9 |  9.4
Invocations    | 2 5 7 8 9 10 11 12 | 12.5
Dodging        | 4 5 6 7 8 9 10 | 10.4
Hexes          | 2 4 5 |  5.7
Summonings     | 1 4 6 8 10 | 10.4
Translocations | 1 4 6 8 9 10 | 10.3
Earth Magic    | 3 6 |  6.9

Action                   |  1- 3 |  4- 6 |  7- 9 | 10-12 | 13-15 | 16-18 || total
-------------------------+-------+-------+-------+-------+-------+-------++-------
Melee: Unarmed           |    77 |    86 |   207 |   612 |   958 |   714 ||  2654
       Constrict         |    20 |     9 |     7 |     4 |       |    31 ||    71
       Tentacles         |    15 |    12 |     7 |     8 |       |    43 ||    85
       Kick              |    10 |    12 |       |       |       |       ||    22
       Punch             |     1 |     2 |       |     1 |       |    12 ||    16
 Cast: Beastly Appendage |     6 |     3 |       |       |       |       ||     9
       Wereblood         |     1 |     1 |     1 |    11 |    11 |     7 ||    32
       Ice Form          |       |     5 |    29 |    53 |    70 |    52 ||   209
       Summon Mana Viper |       |       |       |     4 |    20 |    20 ||    44
       Summon Forest     |       |       |       |       |    12 |    24 ||    36
       Statue Form       |       |       |       |       |       |    13 ||    13
       Spider Form       |       |       |       |       |       |     1 ||     1
       Passwall          |       |       |       |       |       |     1 ||     1
Invok: Divine Shield     |       |       |     1 |     4 |     5 |     5 ||    15
       Summon Divine War |       |       |       |       |     1 |     6 ||     7
Evoke: Wand              |       |       |     3 |       |       |       ||     3
  Use: Scroll            |       |     1 |     7 |     7 |    16 |     5 ||    36
       Potion            |       |       |       |     5 |       |     8 ||    13
 Stab: Sleeping          |     6 |     6 |     2 |       |       |       ||    14
Armor: Skin              |     3 |    11 |    37 |   182 |   212 |   364 ||   809
Dodge: Dodged            |    48 |    35 |   110 |   456 |   777 |   914 ||  2340
Block: Other             |       |       |     1 |     8 |    69 |    46 ||   124

Levels and vault maps discovered:
D:1:      minmay_arrival_checkered_box, layout_rooms
D:2:      layout_loops_cross, basic_altar, shapermc_ecumenical_altar_rom_forum,
          minmay_goblin_outpost
D:3:      minmay_general_purpose_star, layout_basic, uniq_jessica, uniq_grinder,
          uniq_natasha
D:4:      layout_cave_pods, minmay_misc_feat_five, dk_rats_in_the_wall
D:5:      layout_rooms, nicolae_ashenzari_skybound, vehumet_crystals,
          lemuel_crystal_altar, grunt_temple_overflow_opulence,
          minmay_temple_entry_hall, serial_shops, shop, uniq_pikel
D:6:      cheibrodos_thug_alley, layout_gridville, gammafunk_ghost_hive,
          uniq_maggie, uniq_edmund
D:7:      layout_loops_ring, mainiacjoe_overflow_large_starburst,
          minmay_misc_feat_iff, grunt_ministairs_4, uniq_joseph, uniq_duvessa
D:8:      layout_layer_cave, kennysheep_mini_moat, mainiacjoe_overflow_chevrons,
          uniq_erica
D:9:      layout_irregular_city
D:10:     layout_roguey
D:11:     layout_long_grid, dpeg_oklobed_lair, david_orc_4,
          gauntlet_entry_generic, lightli_airlock
D:12:     layout_loops_cross
D:13:     layout_basic, david_vaults_5
D:14:     layout_basic, serial_demonic, serial_demonic_b, serial_demonic_b,
          serial_demonic_a, serial_demonic_d, hangedman_feature_mirror,
          uniq_lodul
D:15:     gammafunk_depths_entry_grave, layout_layer_cave, elyvilon_altar_4,
          minmay_shop_chei, serial_bayou_ford_a, zin_angel
Temple:   oiseaux_autumnal_temple
Lair:1:   layout_regular_city, lemuel_fruit_fields
Lair:2:   layout_cave_pods, hellmonk_spider_entry_not_the_bees, uniq_harold,
          uniq_amaemon
Lair:3:   layout_regular_city, skrybe_swamp_entry_bodies, serial_bayou_shore_a,
          infiniplex_staircase_pool, lemuel_fruit_tree
Lair:4:   layout_long_grid
Lair:5:   cheibrodos_lair_end_hotspot, layout_big_grid, slime_entry_1
Swamp:1:  gammafunk_sealed_arena, layout_basic_swamp, nicolae_swamp_big_swirl,
          nicolae_swamp_stuck_in_the_mud, uniq_roxanne
Swamp:2:  layout_falls_marsh, nicolae_swamp_dense_foliage
Swamp:3:  nicolae_swamp_husk_halls, layout_basic_swamp, hangedman_swamp_diagram,
          swamp_pool1, cheibrodos_swamp_pet_leeches
Swamp:4:  swamp_alternative, layout_basic_swamp, swamp_pool2
Spider:1: layout_spider_delve, uniq_frances
Spider:2: layout_spider_delve, uniq_arachne, uniq_mlioglotl, uniq_donald,
          uniq_asterion
Spider:3: layout_spider_delve
Orc:1:    layout_diamond_mine
Orc:2:    st_orc_town, layout_caves, basic_altar, nicolae_orc_tapped_out

Notes
Turn   | Place    | Note
-------+----------+-------------------------------------------
     0 | D:1      | Raultor the Octopode Transmuter began the quest for the
                  | Orb.
     0 | D:1      | Reached XP level 1. HP: 13/13 MP: 3/3
    99 | D:1      | Reached skill level 1 in Ice Magic
    99 | D:1      | Reached XP level 2. HP: 11/18 MP: 5/5
   402 | D:1      | Learned a level 2 spell: Wereblood
   668 | D:2      | Found a hazy altar of Hepliaklqana.
   702 | D:2      | Reached XP level 3. HP: 18/23 MP: 6/6
   858 | D:2      | Reached skill level 3 in Transmutations
   858 | D:2      | Reached skill level 2 in Ice Magic
  1144 | D:2      | Found a faded altar of an unknown god.
  1152 | D:2      | Got Plato's Quarto of Shifting
  1196 | D:2      | Reached XP level 4. HP: 25/28 MP: 7/7
  1595 | D:3      | Reached skill level 3 in Ice Magic
  1595 | D:3      | Reached XP level 5. HP: 23/33 MP: 5/8
  1601 | D:3      | Reached skill level 4 in Transmutations
  1718 | D:3      | Learned a level 4 spell: Ice Form
  2073 | D:3      | Noticed Grinder
  2367 | D:3      | Noticed Natasha
  2372 | D:3      | Killed Natasha
  2373 | D:3      | Reached XP level 6. HP: 38/38 MP: 4/9
  2463 | D:3      | Paralysed by Grinder for 2 turns
  2470 | D:3      | Paralysed by Grinder for 5 turns
  2484 | D:3      | Killed Grinder
  2485 | D:3      | Reached skill level 4 in Ice Magic
  2692 | D:4      | Reached skill level 2 in Fighting
  2692 | D:4      | Reached XP level 7. HP: 45/45 MP: 10/10
  2740 | D:4      | Reached skill level 5 in Transmutations
  3381 | D:4      | Reached skill level 4 in Unarmed Combat
  3624 | D:5      | Entered Level 5 of the Dungeon
  3631 | D:5      | Found a radiant altar of Vehumet.
  3721 | D:5      | Reached skill level 5 in Ice Magic
  3757 | D:5      | Reached XP level 8. HP: 43/51 MP: 11/11
  3766 | D:5      | Reached skill level 3 in Fighting
  3834 | D:5      | Noticed Pikel
  3848 | D:5      | Killed Pikel
  3849 | D:5      | Reached skill level 3 in Spellcasting
  3849 | D:5      | Reached skill level 6 in Transmutations
  4044 | D:5      | Found Mahugh's Magic Scroll Emporium.
  4053 | D:5      | Bought a scroll of identify for 26 gold pieces
  4053 | D:5      | Bought a scroll of noise for 13 gold pieces
  4053 | D:5      | Bought a scroll of identify for 26 gold pieces
  4053 | D:5      | Bought a scroll of identify for 26 gold pieces
  4088 | D:5      | Reached skill level 5 in Unarmed Combat
  4120 | D:5      | Found a hide-covered altar of Uskayaw.
  4180 | D:5      | Found a staircase to the Ecumenical Temple.
  4186 | Temple   | Entered the Ecumenical Temple
  4417 | Temple   | Became a worshipper of the Shining One
  4613 | D:5      | Found a sparkling altar of Nemelex Xobeh.
  4613 | D:5      | Found an opulent altar of Gozag.
  4633 | D:5      | Reached skill level 4 in Fighting
  4690 | D:5      | Found a broken altar of Ashenzari.
  4795 | D:6      | Reached XP level 9. HP: 58/58 MP: 9/14
  4969 | D:6      | Learned a level 3 spell: Spider Form
  5019 | D:6      | Reached skill level 6 in Ice Magic
  5058 | D:6      | Reached skill level 4 in Spellcasting
  5634 | D:6      | Found a transporter.
  5636 | D:6      | Found a transporter.
  5637 | D:6      | Noticed Antroll's ghost (novice DEGl)
  5678 | D:6      | Noticed Maggie
  5678 | D:6      | Reached * piety under the Shining One
  5694 | D:6      | Killed Maggie
  5695 | D:6      | Reached skill level 5 in Fighting
  5695 | D:6      | Reached skill level 7 in Transmutations
  5753 | D:6      | Reached skill level 6 in Unarmed Combat
  5856 | D:6      | Noticed Edmund
  5870 | D:6      | HP: 7/73 [Edmund/+3 dire flail of protection (17)]
  5872 | D:6      | Killed Edmund
  6079 | D:6      | Reached skill level 1 in Invocations
  6280 | D:7      | Noticed Duvessa
  6280 | D:7      | Noticed Dowan
  6292 | D:7      | Killed Duvessa
  6294 | D:7      | Killed Dowan
  6301 | D:7      | Reached skill level 2 in Invocations
  6558 | D:7      | Found a blossoming altar of Fedhas.
  6563 | D:7      | Found a shimmering blue altar of Sif Muna.
  6574 | D:7      | Reached XP level 10. HP: 66/66 MP: 17/17
  6812 | D:7      | Reached skill level 5 in Spellcasting
  6812 | D:7      | Reached skill level 3 in Invocations
  6910 | D:7      | Noticed Joseph
  6929 | D:7      | HP: 5/79 [Joseph/+2 spectral quarterstaff (13)]
  6931 | D:7      | Killed Joseph
  6932 | D:7      | Reached skill level 3 in Dodging
  6932 | D:7      | Reached skill level 7 in Ice Magic
  7383 | D:8      | Noticed Erica
  7447 | D:8      | Found a stormy altar of Qazlal.
  7869 | D:8      | Killed Erica
  7870 | D:8      | Reached skill level 4 in Invocations
  8863 | D:8      | Found a hazy altar of Hepliaklqana.
  8940 | D:9      | Reached skill level 6 in Fighting
  9095 | D:9      | Noticed a cyclops
  9112 | D:9      | Killed a cyclops
  9113 | D:9      | Reached skill level 7 in Unarmed Combat
  9113 | D:9      | Reached skill level 5 in Invocations
  9286 | D:9      | Reached skill level 4 in Dodging
  9461 | D:9      | Reached skill level 8 in Transmutations
  9461 | D:9      | Reached XP level 11. HP: 72/72 MP: 15/19
  9981 | D:9      | Noticed a soul eater
 10280 | D:10     | Entered Level 10 of the Dungeon
 10309 | D:10     | Reached skill level 6 in Invocations
 10421 | D:10     | Reached ** piety under the Shining One
 10631 | D:10     | Identified the +4 chain mail of the Ethereal God {Harm
                  | rF++}
 10977 | D:10     | Reached skill level 6 in Spellcasting
 11157 | D:10     | Reached skill level 8 in Unarmed Combat
 11665 | D:11     | Reached skill level 7 in Invocations
 11697 | D:11     | Found a gate leading to a gauntlet.
 11707 | Gauntlet | Entered a Gauntlet
 11707 | Gauntlet | Found a transporter.
 11707 | Gauntlet | Found a transporter.
 11711 | Gauntlet | Found a transporter.
 11711 | Gauntlet | Found a transporter.
 11712 | Gauntlet | Noticed a moth of wrath
 11712 | Gauntlet | Reached *** piety under the Shining One
 11727 | Gauntlet | Noticed a large abomination
 11728 | Gauntlet | Found a transporter.
 11738 | Gauntlet | Found a transporter.
 11739 | Gauntlet | Noticed a blizzard demon
 11741 | Gauntlet | Found a transporter.
 11741 | Gauntlet | Found a transporter.
 11764 | Gauntlet | Found a transporter.
 11787 | Gauntlet | Found a transporter.
 11818 | Gauntlet | Found a transporter.
 11823 | Gauntlet | Noticed a spectral catoblepas
 11863 | Gauntlet | Found a transporter.
 11871 | Gauntlet | Noticed a necromancer
 11877 | Gauntlet | Found a transporter.
 11956 | Gauntlet | Upgraded the game from 0.30-a0-457-g4b7bca3bfa to
                  | 0.30-a0-459-g9104f0fc43
 12015 | Gauntlet | Found a transporter.
 12018 | Gauntlet | Found a transporter.
 12058 | Gauntlet | Killed a moth of wrath
 12059 | Gauntlet | Reached skill level 5 in Dodging
 12128 | Gauntlet | Killed a necromancer
 12219 | Gauntlet | Killed a blizzard demon
 12220 | Gauntlet | Reached skill level 7 in Fighting
 12227 | Gauntlet | Identified the ring "Muwiu" {rElec rC- Will+ MP+9}
 12328 | Gauntlet | Found the +3 hat of Pondering {ponderous, Will+ MP+10
                  | Int+5}
 12328 | Gauntlet | Identified the amulet "Busuamups" {Reflect rPois Will+
                  | Str-3 SH+5}
 12328 | Gauntlet | Noticed a minotaur
 12355 | Gauntlet | HP: 9/134 [minotaur/+2 trident of venom (6)]
 12357 | Gauntlet | HP: 4/134 [minotaur/+2 trident of venom (5)]
 12359 | Gauntlet | Killed a minotaur
 12360 | Gauntlet | Reached XP level 12. HP: 5/81 MP: 21/21
 12596 | Gauntlet | Identified the amulet of Wonder {Acrobat rF++ rC- Regen+
                  | Stlth+}
 12647 | D:11     | Found a runed translucent door.
 12728 | D:11     | Reached skill level 9 in Unarmed Combat
 12761 | D:11     | Reached skill level 8 in Invocations
 12794 | D:11     | Learned a level 5 spell: Summon Mana Viper
 12884 | D:11     | Noticed a boulder beetle
 12885 | D:11     | Found a staircase to the Lair.
 12909 | D:11     | Killed a boulder beetle
 13153 | D:11     | Noticed a two-headed ogre
 13159 | D:11     | Killed a two-headed ogre
 13160 | D:11     | Reached skill level 1 in Hexes
 13160 | D:11     | Reached skill level 9 in Transmutations
 13481 | D:11     | Found a staircase to the Orcish Mines.
 13610 | D:11     | Identified the amulet "Yguogrint" {Faith rF+ rC+ Dex-4
                  | SInv}
 13662 | Lair:1   | Entered Level 1 of the Lair of Beasts
 13794 | Lair:1   | You fall into a shaft and drop 1 floor!
 13963 | Lair:1   | Reached skill level 6 in Dodging
 14043 | Lair:1   | Reached skill level 2 in Hexes
 14274 | Lair:1   | Reached skill level 7 in Spellcasting
 14529 | Lair:2   | Noticed Amaemon
 14529 | Lair:2   | Found a hole to the Spider Nest.
 14761 | Lair:2   | Noticed Harold
 14809 | Lair:2   | Killed Harold
 14810 | Lair:2   | Reached skill level 10 in Unarmed Combat
 15053 | Lair:2   | Reached skill level 8 in Fighting
 15053 | Lair:2   | Reached XP level 13. HP: 88/88 MP: 23/23
 15070 | Lair:2   | Killed Amaemon
 15135 | Lair:2   | Reached skill level 3 in Hexes
 15139 | Lair:2   | Reached skill level 9 in Invocations
 16039 | Lair:3   | Found a staircase to the Swamp.
 16280 | Lair:3   | Reached skill level 7 in Dodging
 16657 | Lair:4   | Reached skill level 4 in Hexes
 16663 | Lair:4   | Reached skill level 11 in Unarmed Combat
 16913 | Lair:4   | Reached **** piety under the Shining One
 17010 | Lair:4   | Reached skill level 10 in Transmutations
 17078 | Lair:4   | HP: 10/106 [death yak (13)]
 17261 | Lair:4   | Reached skill level 8 in Spellcasting
 17273 | Lair:4   | Learned a level 5 spell: Summon Forest
 17276 | Lair:4   | Learned a level 2 spell: Passwall
 17620 | Lair:5   | Entered Level 5 of the Lair of Beasts
 17760 | Lair:5   | Reached skill level 1 in Summonings
 17760 | Lair:5   | Reached skill level 1 in Translocations
 17760 | Lair:5   | Reached XP level 14. HP: 95/95 MP: 26/26
 18022 | Lair:5   | Reached skill level 2 in Translocations
 18180 | Lair:5   | Found a staircase to the Slime Pits.
 18185 | Lair:5   | Found a viscous altar of Jiyva.
 18199 | Lair:5   | Reached skill level 2 in Summonings
 18407 | Lair:5   | Reached skill level 9 in Fighting
 18450 | Lair:5   | Reached skill level 10 in Invocations
 18451 | Lair:5   | Reached skill level 5 in Hexes
 18558 | Lair:5   | Found a large runed translucent door.
 18558 | Lair:5   | Found a large runed translucent door.
 18614 | Lair:5   | Reached skill level 3 in Summonings
 18614 | Lair:5   | Reached skill level 3 in Translocations
 19362 | Orc:1    | Entered Level 1 of the Orcish Mines
 19500 | Orc:1    | You are sucked into a shaft and drop 1 floor!
 19500 | Orc:2    | Entered Level 2 of the Orcish Mines
 19526 | Orc:2    | Reached ***** piety under the Shining One
 19892 | Orc:1    | Reached skill level 12 in Unarmed Combat
 20075 | Orc:2    | Found a staircase to the Elven Halls.
 20134 | Orc:2    | Reached skill level 8 in Dodging
 20153 | Orc:2    | Found Viorr's Assorted Antiques.
 20153 | Orc:2    | Found Urorane's Assorted Antiques.
 20198 | Orc:2    | Bought 2 potions of heal wounds for 190 gold pieces
 20198 | Orc:2    | Bought a scroll of identify for 38 gold pieces
 20198 | Orc:2    | Bought a scroll of identify for 38 gold pieces
 20198 | Orc:2    | Bought a scroll of identify for 38 gold pieces
 20198 | Orc:2    | Bought a scroll of teleportation for 57 gold pieces
 20198 | Orc:2    | Bought a scroll of identify for 38 gold pieces
 20212 | Orc:2    | Bought a scroll of blinking for 217 gold pieces
 20212 | Orc:2    | Bought a scroll of identify for 58 gold pieces
 20212 | Orc:2    | Bought a scroll labelled TIYNWU XUEGOLL for 29 gold pieces
 20487 | Orc:2    | Reached skill level 4 in Summonings
 20487 | Orc:2    | Reached skill level 4 in Translocations
 20665 | Orc:2    | Found Qaedaopp's Weapon Shop.
 20704 | Orc:2    | Found Qavvam's Antique Weapon Emporium.
 20940 | D:11     | Noticed a sphinx
 20976 | D:11     | Killed a sphinx
 21252 | D:12     | Reached XP level 15. HP: 101/101 MP: 27/27
 21371 | D:12     | Identified the +1 plate armour of Summertime {Slay+2}
 21746 | D:12     | Reached skill level 5 in Summonings
 21985 | D:13     | Reached skill level 5 in Translocations
 22042 | D:13     | Identified a potion of resistance
 22414 | D:13     | Identified the +1 leather armour "Xyumoon" {Will+ Str+3}
 22968 | D:13     | Identified a +0 crystal plate armour
 23128 | D:13     | Found a gate to the Vaults.
 23286 | D:14     | Noticed Lodul
 23326 | D:14     | Reached skill level 9 in Spellcasting
 23326 | D:14     | Reached skill level 11 in Transmutations
 23328 | D:14     | Killed Lodul
 23329 | D:14     | Reached skill level 6 in Summonings
 23402 | D:14     | Reached skill level 6 in Translocations
 23501 | D:14     | Found a shimmering blue altar of Sif Muna.
 23504 | D:14     | Reached ****** piety under the Shining One
 23990 | D:14     | Reached skill level 13 in Unarmed Combat
 24012 | D:14     | Reached skill level 11 in Invocations
 24026 | D:14     | Found an ornate altar of the Wu Jian Council.
 24239 | D:15     | Entered Level 15 of the Dungeon
 24293 | D:15     | Reached skill level 10 in Fighting
 24467 | D:15     | Reached XP level 16. HP: 109/109 MP: 29/29
 24607 | D:15     | Found a white marble altar of Elyvilon.
 24647 | D:15     | Reached skill level 7 in Summonings
 24912 | D:15     | Reached skill level 9 in Dodging
 25017 | D:15     | Found Cheibriados's Comfort Zone.
 25019 | D:15     | Found a snail-covered altar of Cheibriados.
 25053 | D:15     | Reached skill level 7 in Translocations
 25088 | D:15     | Found a staircase to the Depths.
 25314 | D:15     | Found a glowing silver altar of Zin.
 26070 | Swamp:1  | Entered Level 1 of the Swamp
 26070 | Swamp:1  | Found a transporter.
 26099 | Swamp:1  | Noticed a tentacled monstrosity
 26123 | Swamp:1  | Noticed Roxanne
 26158 | Swamp:1  | Killed Roxanne
 26168 | Swamp:1  | Learned a level 6 spell: Statue Form
 26512 | Swamp:1  | Identified the +0 pair of gloves of Death Resistance
                  | {Will+}
 26809 | Swamp:1  | Found a transporter.
 26924 | Swamp:1  | Reached skill level 1 in Earth Magic
 27006 | Swamp:1  | HP: 10/132 [spriggan berserker/+0 quarterstaff (15)]
 27175 | Swamp:1  | Killed a tentacled monstrosity
 27281 | Swamp:1  | Identified the +0 hat "Jufe" {Dex+3}
 27292 | Swamp:1  | Identified the ring "Zuefef" {rF+ rC+}
 27300 | Swamp:1  | Identified the +5 short sword of the Fool {pain, *Noise
                  | rPois Str+2 Dex+4}
 27349 | Swamp:2  | Reached skill level 2 in Earth Magic
 27358 | Swamp:2  | Reached skill level 8 in Summonings
 27422 | Swamp:2  | Reached skill level 8 in Translocations
 27431 | Swamp:2  | HP: 11/132 [eight-headed hydra[a spriggan druid] (5)]
 27438 | Swamp:2  | HP: 9/132 [swamp worm/harpoon shot (9)]
 27443 | Swamp:2  | HP: 5/132 [swamp worm (15)]
 27558 | Swamp:2  | The Shining One protects you from harm!
 27784 | Swamp:2  | Reached skill level 3 in Earth Magic
 28023 | Swamp:2  | Identified the +0 leather armour "Lonofai" {rF+}
 28882 | Swamp:3  | Reached XP level 17. HP: 75/116 MP: 30/30
 29108 | Swamp:4  | Entered Level 4 of the Swamp
 29297 | Swamp:4  | Reached skill level 4 in Earth Magic
 29433 | Swamp:4  | Reached skill level 9 in Summonings
 29444 | Swamp:4  | Reached skill level 9 in Translocations
 29505 | Swamp:4  | Reached skill level 12 in Invocations
 29716 | Swamp:4  | Reached skill level 12 in Transmutations
 29720 | Swamp:4  | Reached skill level 5 in Earth Magic
 29764 | Swamp:4  | Reached skill level 10 in Dodging
 29805 | Swamp:4  | Reached skill level 11 in Fighting
 30026 | Swamp:4  | Got a decaying rune of Zot
 30499 | Spider:1 | Entered Level 1 of the Spider Nest
 30584 | Spider:1 | Noticed Frances
 30593 | Spider:1 | Killed Frances
 31396 | Spider:2 | Noticed Arachne
 31403 | Spider:2 | Reached skill level 6 in Earth Magic
 31406 | Spider:2 | Killed Arachne
 31519 | Spider:2 | Gained mutation: You are clumsy. (Dex -2) [mutagenic glow]
 31566 | Spider:2 | Noticed Mlioglotl
 31574 | Spider:2 | Killed Mlioglotl
 31575 | Spider:2 | Reached skill level 10 in Summonings
 31575 | Spider:2 | Reached XP level 18. HP: 124/124 MP: 23/31
 31723 | Spider:2 | Reached skill level 10 in Translocations
 31749 | Spider:2 | Reached skill level 14 in Unarmed Combat
 31917 | Spider:2 | Noticed Donald
 31927 | Spider:2 | Killed Donald
 32101 | Spider:2 | Noticed Asterion
 32111 | Spider:2 | Killed Asterion
 33094 | Spider:2 | HP: 16/161 [wolf spider (23)]
 33094 | Spider:2 | HP: 7/161 [entropy weaver (9)]
 33095 | Spider:2 | HP: 3/161 [entropy weaver (11)]
 33099 | Spider:2 | Slain by a wolf spider

Vanquished Creatures
  Asterion (Spider:2)
  A thorn hunter (Swamp:4)
  Roxanne (Swamp:1)
  Donald (Spider:2)
  A ghost moth (Spider:3)
  4 slime creatures
  3 bunyips
  3 eleionomae
  A minotaur (Gauntlet)
  A spark wasp (Spider:2)
  A blizzard demon (Gauntlet)
  A shambling mangrove (Swamp:4)
  A vault guard (D:13)
  Harold (Lair:2)
  19 hydras
  An ogre mage (D:15)
  5 centaur warriors
  A jorogumo (Spider:2)
  4 boulder beetles
  Erica (D:8)
  3 radroaches
  A ghost crab (Swamp:4)
  7 two-headed ogres
  7 alligators
  A death knight (D:14)
  3 death yaks (Lair:4)
  A vampire mage (Swamp:3)
  A sun demon (D:13)
  7 skeletal warriors
  A titan skeleton (D:15)
  A fire crab (Lair:5)
  Amaemon (Lair:2)
  A pharaoh ant (Spider:2)
  6 swamp dragons
  2 spriggan druids
  A goliath frog (Swamp:3)
  4 steelbarb worms
  5 bog bodies
  A swamp dragon (shapeshifter) (D:15)
  2 death drakes (Swamp:1)
  Pikel (D:5)
  2 necromancers
  4 wolf spiders
  3 deep elf pyromancers
  3 orc knights
  An oklob plant (D:11)
  3 orc sorcerers (Orc:2)
  7 ugly things
  2 will-o-the-wisps
  7 cyclopes
  A manticore (D:13)
  4 moths of wrath
  Joseph (D:7)
  2 rust devils (D:14)
  A smoke demon (D:14)
  8 black mambas
  11 elephants
  2 molten gargoyles (Lair:5)
  2 orange demons
  3 rime drakes
  A cane toad (shapeshifter) (D:15)
  4 unseen horrors
  A torpor snail (Spider:1)
  7 komodo dragons
  7 cane toads
  Maggie (D:6)
  4 kobold demonologists
  An efreet (D:13)
  6 demonic crawlers
  2 hellwings (D:14)
  A red devil (D:14)
  4 trolls
  A guardian mummy (D:15)
  A meliai (Lair:2)
  11 tyrant leeches
  5 hornets
  5 tarantellas
  Grinder (D:3)
  A spriggan zombie (D:15)
  15 blink frogs
  6 culicivoras
  10 jumping spiders
  A centaur simulacrum (D:14)
  5 shadows
  A water elemental (D:15)
  6 wraiths
  3 spriggans
  8 wyverns
  2 vampires
  5 basilisks
  A chaos spawn (D:13)
  31 yaks
  18 redbacks
  18 vampire mosquitoes
  A neqoxec (D:14)
  2 steam dragons
  A redback (shapeshifter) (D:15)
  Edmund (D:6)
  7 wargs (Orc:2)
  3 acid dragons
  7 swamp worms
  18 water moccasins
  3 hell hounds (Lair:5)
  Duvessa (D:7)
  5 swamp drakes
  17 orc warriors
  2 nameless horrors
  2 ice beasts
  3 black bears
  3 sky beasts (D:7)
  6 ogres
  18 wolves
  10 centaurs
  2 phantoms
  7 kobold brigands
  10 bullfrogs
  2 scorpions (D:6)
  3 gnoll sergeants
  5 wights (D:10)
  Dowan (D:7)
  20 killer bees
  3 howler monkeys (D:10)
  6 electric eels
  5 lava snakes (Lair:5)
  3 jellies
  5 hounds
  8 orc priests
  5 iguanas
  Natasha (D:3)
  35 orc wizards
  13 gnolls
  6 adders
  2 ufetubi
  A worm (D:4)
  3 dart slugs
  84 orcs
  9 endoplasms
  3 giant cockroaches
  9 goblins
  7 hobgoblins
  4 jackals (D:1)
  4 quokkas
  3 ball pythons
  2 bats
  3 frilled lizards
  25 kobolds
  5 rats
784 creatures vanquished.

Vanquished Creatures (collateral kills)
  Arachne (Spider:2)
  Mlioglotl (Spider:2)
  A tentacled monstrosity (Swamp:1)
  Frances (Spider:1)
  A sphinx (D:11)
  2 thorn hunters (Swamp:4)
  2 eleionomae (Swamp:4)
  2 bunyips (Swamp:2)
  A spark wasp (Spider:2)
  A fire dragon (Lair:5)
  6 hydras
  A spriggan air mage (Swamp:1)
  4 ghost crabs
  3 two-headed ogres
  10 alligators
  A vampire mage (D:15)
  A pharaoh ant (Spider:3)
  Lodul (D:14)
  4 orb spiders
  A skeletal warrior (D:15)
  A flayed ghost (D:14)
  2 spriggan druids
  3 death drakes (Swamp:1)
  2 bog bodies (Swamp:4)
  An orange crystal statue (Swamp:1)
  4 swamp dragons (Swamp:4)
  3 wolf spiders
  2 ugly things (D:15)
  3 orc sorcerers (Orc:2)
  2 manticores (D:11)
  A moth of wrath (Spider:2)
  A will-o-the-wisp (Swamp:2)
  A frost giant skeleton (D:15)
  A torpor snail (Spider:3)
  A kobold demonologist (D:11)
  A tengu conjurer (D:14)
  3 demonic crawlers (Spider:2)
  A hellwing (D:14)
  A bloated husk (Swamp:3)
  A tyrant leech (Swamp:3)
  5 hornets (Swamp:4)
  A slime creature (D:14)
  5 tarantellas
  7 blink frogs
  12 jumping spiders
  3 culicivoras
  5 spriggans (Swamp:4)
  A wraith (D:11)
  2 wyverns (Lair:5)
  A basilisk (Lair:5)
  5 redbacks
  3 vampire mosquitoes
  3 swamp worms
  A human zombie (D:15)
  3 swamp drakes (Swamp:4)
  An orc warrior (Orc:2)
  6 ogres (D:14)
  2 electric eels
  2 orc priests (Orc:2)
  12 orc wizards (Orc:2)
  15 orcs
175 creatures vanquished.

Vanquished Creatures (others)
  3 hydras
  A spriggan berserker (Swamp:1)
  A bog body (Swamp:3)
  4 bloated husks
  A tyrant leech (Swamp:2)
  A vampire mosquito (Swamp:3)
  A redback (Spider:3)
  30 demonic plants
  10 foxfires
  15 fungi
  22 plants
  16 snaplasher vines
  3 withered plants (D:15)
108 creatures vanquished.

Grand Total: 1067 creatures vanquished

Table legend: (Time is in decaauts)
 A = Elapsed time spent in this place.
 B = Non-inter-level travel time spent in this place.
 C = Inter-level travel time spent in this place.
 D = Time resting spent in this place.
 E = Time spent auto-exploring this place.
 F = Levels seen in this place.
 G = Mean time per level.
                   A        B        C        D        E       F      G
               +--------+--------+--------+--------+--------+-----+--------+
         Total |  33233 |  31540 |   1693 |   1119 |  23735 |  31 | 1072.0 |
       Dungeon |  17526 |  17006 |    520 |    127 |  14008 |  15 | 1168.4 |
        Temple |    266 |    210 |     56 |      0 |    195 |   1 |  266.0 |
          Lair |   5694 |   5245 |    449 |    146 |   3850 |   5 | 1138.8 |
         Swamp |   4376 |   4207 |    169 |    370 |   2876 |   4 | 1094.0 |
   Spider Nest |   2981 |   2607 |    374 |    210 |   1629 |   3 |  993.7 |
  Orcish Mines |   1482 |   1360 |    122 |      0 |   1076 |   2 |  741.0 |
      Gauntlet |    904 |    904 |      0 |    266 |    100 |   1 |  904.0 |
               +--------+--------+--------+--------+--------+-----+--------+

Top non-repeatable levels by time:
Spider:2: 1951 daAuts
    D:15: 1692 daAuts
  Lair:5: 1525 daAuts
    D:11: 1500 daAuts
     D:6: 1486 daAuts
     D:8: 1484 daAuts
     D:9: 1331 daAuts
 Swamp:1: 1292 daAuts
    D:10: 1282 daAuts
  Lair:2: 1268 daAuts
    D:13: 1221 daAuts
     D:3: 1203 daAuts
 Swamp:4: 1185 daAuts
     D:7: 1160 daAuts
  Lair:3: 1075 daAuts

Table legend:
 A = Non-vault XP
 B = Vault XP
 C = Vault XP percentage of total XP
 D = Non-vault monster count
 E = Vault monster count
 F = Vault count percentage of total count
                 A         B        C        D         E       F
            +---------+---------+-------+---------+---------+-------
      Total |  183135 |   91741 |  33.4 |     705 |     262 |  27.1
            +---------+---------+-------+---------+---------+-------
        D:1 |      28 |       0 |   0.0 |      16 |       0 |   0.0
        D:2 |      50 |       8 |  13.8 |      17 |       4 |  19.0
        D:3 |     169 |     342 |  66.9 |      26 |       4 |  13.3
        D:4 |     470 |       0 |   0.0 |      18 |       0 |   0.0
        D:5 |     585 |     641 |  52.3 |      11 |       1 |   8.3
        D:6 |    1004 |     757 |  43.0 |      18 |      13 |  41.9
        D:7 |     837 |     983 |  54.0 |      17 |       5 |  22.7
        D:8 |    1365 |     839 |  38.1 |      36 |       1 |   2.7
        D:9 |    2565 |       0 |   0.0 |      25 |       0 |   0.0
       D:10 |    3354 |       0 |   0.0 |      26 |       0 |   0.0
       D:11 |    4129 |    7101 |  63.2 |      23 |      28 |  54.9
       D:12 |    6619 |       0 |   0.0 |      25 |       0 |   0.0
       D:13 |    3686 |    8942 |  70.8 |       9 |      14 |  60.9
       D:14 |    9587 |    8542 |  47.1 |      27 |      24 |  47.1
       D:15 |   14897 |    4102 |  21.6 |      25 |       8 |  24.2
     Lair:1 |    4392 |       0 |   0.0 |      20 |       0 |   0.0
     Lair:2 |    4977 |    2682 |  35.0 |      20 |       9 |  31.0
     Lair:3 |    5882 |    1418 |  19.4 |      25 |       2 |   7.4
     Lair:4 |   10643 |       0 |   0.0 |      25 |       0 |   0.0
     Lair:5 |    8198 |    7271 |  47.0 |      35 |      24 |  40.7
    Swamp:1 |    8710 |    8846 |  50.4 |      20 |      10 |  33.3
    Swamp:2 |   14368 |       0 |   0.0 |      26 |       0 |   0.0
    Swamp:3 |    6116 |    2959 |  32.6 |      14 |       8 |  36.4
    Swamp:4 |   26293 |   18998 |  41.9 |      42 |      30 |  41.7
   Spider:1 |    9412 |    1540 |  14.1 |      27 |       1 |   3.6
   Spider:2 |   16656 |    7127 |  30.0 |      45 |       4 |   8.2
   Spider:3 |   12453 |       0 |   0.0 |      37 |       0 |   0.0
      Orc:1 |    2344 |       0 |   0.0 |      20 |       0 |   0.0
      Orc:2 |    3346 |    4677 |  58.3 |      30 |      60 |  66.7
   Gauntlet |       0 |    3966 | 100.0 |       0 |      12 | 100.0
            +---------+---------+-------+---------+---------+-------
